 Dungeon Crawl Stone Soup version 0.30.1-9-gdf580d7c3d (webtiles) character file.

Game seed: 8327566529773992712

39370 Wiggles the Severer (level 13, -1/119 HPs)
             Began as a Minotaur Berserker on Oct 19, 2023.
             Was a High Priest of Trog.
             Slain by a dire elephant (2 damage)
             ... while petrified by a catoblepas
             ... on level 5 of the Lair of Beasts.
             The game lasted 00:26:40 (14711 turns).

Wiggles the Severer (Minotaur Berserker)           Turns: 14711, Time: 00:26:41

Health: -1/119     AC: 26    Str: 35    XL:     13   Next: 68%
Magic:  12/12      EV:  2    Int:  4    God:    Trog [*****.]
Gold:   905        SH:  0    Dex: 10    Spells: 12/12 levels left

rFire   x . .        C - +1 war axe (flame)
rCold   . . .        v - +1 tower shield {AC+3}
rNeg    + + +        A - +1 storm dragon scales
rPois   ∞            l - +2 hat of Courage {Rampage rElec rPois rF- SInv}
rElec   +            (no cloak)
rCorr   +            f - +2 pair of gloves
SInv    +            e - +0 pair of boots
Will    .....        g - amulet of regeneration Stlth
                     j - ring "Xiarphis" {rPois Will- rCorr Str+2}
HPRegen 1.19/turn    r - +6 ring of strength
MPRegen 0.13/turn

%: rampage
@: petrified
A: horns 2, retaliatory headbutt
a: Renounce Religion, Berserk, Trog's Hand, Brothers in Arms


You were on level 5 of the Lair of Beasts.
You worshipped Trog.
Trog was extremely pleased with you.
You visited 2 branches of the dungeon, and saw 16 of its levels.
You also visited: Volcano.

You collected 1357 gold pieces.
You spent 452 gold pieces at shops.

Inventory:

Hand Weapons
 a - a +2 executioner's axe
 C - a +1 war axe of flaming (weapon)
Missiles
 i - 3 throwing nets (quivered)
Armour
 e - a +0 pair of boots (worn)
 f - a +2 pair of gloves (worn)
 l - the +2 hat of Courage (worn) {Rampage rElec rPois rF- SInv}
   (You found it on level 4 of the Lair of Beasts)

   rF:        It makes you vulnerable to fire.
   rElec:     It insulates you from electricity.
   rPois:     It protects you from poison.
   SInv:      It lets you see invisible.
   Rampage:   It bestows one free step when moving towards enemies.
 v - a +1 tower shield of protection (worn)
 A - +1 storm dragon scales (worn)
Jewellery
 c - an amulet of the acrobat
 g - an amulet of regeneration (around neck)
 j - the ring "Xiarphis" (left hand) {rPois Will- rCorr Str+2}
   (You found it on level 2 of the Dungeon)

   [ring of poison resistance]

   Str:       It affects your strength (+2).
   rPois:     It protects you from poison.
   rCorr:     It protects you from acid and corrosion.
   Will:      It decreases your willpower.
 r - a +6 ring of strength (right hand)
 t - a +6 ring of dexterity
 w - an amulet of faith
 H - a +6 ring of strength
 P - a +6 ring of dexterity
Wands
 k - a wand of flame (33)
 y - a wand of paralysis (19)
 E - a wand of roots (47)
 G - a wand of quicksilver (18)
 K - a wand of digging (6)
Scrolls
 m - 4 scrolls of teleportation
 n - 4 scrolls of fear
 o - 2 scrolls of enchant weapon
 s - a scroll of poison
 u - 2 scrolls of silence
 N - a scroll of blinking
 O - 4 scrolls of butterflies
Potions
 b - 2 potions of berserk rage {unknown}
 d - 6 potions of curing
 h - 3 potions of attraction {unknown}
 p - a potion of resistance {unknown}
 q - 4 potions of mutation
 x - 3 potions of might {unknown}
 B - 3 potions of flight {unknown}
 D - a potion of magic {unknown}
 F - 3 potions of lignification
 I - a potion of ambrosia {unknown}
 J - 3 potions of haste {unknown}
 L - 3 potions of heal wounds
 Q - a potion of invisibility {unknown}


   Skills:
 + Level 12.8 Fighting
 + Level 17.2 Axes
 + Level 12.5 Armour
 + Level 6.3 Dodging
 + Level 2.1 Stealth
 + Level 13.3 Shields


You had 12 spell levels left.
You didn't know any spells.
Your spell library was empty.

Dungeon Overview and Level Annotations

Branches:
Dungeon (11/15)            Temple (0/1) D:7            Lair (5/5) D:10
  Swamp (0/4) Lair:2       Spider (0/4) Lair:3        Slime (0/5) Lair:4
    Orc (0/2) D:9         Volcano (visited)

Altars:
Ashenzari
Kikubaaqudgha
Uskayaw
Vehumet
Zin
Jiyva

Shops:
D:1 *   D:5 !::?   D:9 ([


Innate Abilities, Weirdness & Mutations

You have a pair of horns on your head.
You reflexively headbutt those who attack you in melee.


Message History

You burn the catoblepas.
The helpless death yak fails to defend itself.
You hit the death yak. You burn the death yak.
You are engulfed in calcifying dust.
Your limbs have turned to stone.
The death yak is no longer petrified.
The death yak gores you but does no damage.
You block the death yak's attack. You block the dire elephant's attack.
The dire elephant trunk-slaps you but does no damage.
You block the catoblepas's attack. The death yak gores you!!
* * * LOW HITPOINT WARNING * * *
You have turned to stone.
You are engulfed in calcifying dust.
The death yak gores you but does no damage.
The dire elephant tramples you!
* * * LOW HITPOINT WARNING * * *
You hold your ground!
The dire elephant trunk-slaps you but does no damage.
The catoblepas gores you but does no damage.
The death yak gores you but does no damage.
You are engulfed in calcifying dust.
The death yak gores you but does no damage.
The dire elephant tramples you!
* * * LOW HITPOINT WARNING * * *
You hold your ground!
The dire elephant trunk-slaps you but does no damage.
The catoblepas gores you but does no damage.
The death yak gores you!
* * * LOW HITPOINT WARNING * * *
You are engulfed in calcifying dust.
The dire elephant tramples you.
* * * LOW HITPOINT WARNING * * *
You hold your ground!
The dire elephant trunk-slaps you!
* * * LOW HITPOINT WARNING * * *
The death yak gores you but does no damage.
The catoblepas gores you but does no damage.
The death yak gores you but does no damage.
The death yak gores you but does no damage.
The dire elephant tramples you!!
* * * LOW HITPOINT WARNING * * *
You hold your ground!
The dire elephant trunk-slaps you.
You die...

#.P.# ..###..
#P..# ......8
##..##.....÷.
##..#......#
##.#÷...#
##...÷.#
#P.T..##P..
#.YYY......
##Y@♣######
#.## ###


You could see a dire elephant, 2 death yaks, a catoblepas and a deep troll
shaman.

Vanquished Creatures
  2 hydras (Lair:4)
  Harold (D:10)
  A two-headed ogre (D:9)
  10 death yaks
  A skyshark (Lair:4)
  A deep elf archer (Volcano)
  2 bog bodies (Lair:2)
  8 deep elf pyromancers (Volcano)
  An oklob plant (Lair:1)
  A cyclops (D:11)
  A manticore (D:11)
  11 elephants
  Joseph (D:8)
  3 black mambas
  6 cane toads
  A rime drake (Lair:5)
  Maggie (D:9)
  An unseen horror (D:11)
  6 komodo dragons
  Psyche (D:11)
  3 trolls
  2 polar bears (Lair:3)
  2 meliai (D:9)
  4 blink frogs (Lair:1)
  7 dream sheep (Lair:3)
  3 shadows
  A wyvern (D:10)
  A wraith (D:11)
  21 yaks
  5 fire elementals (Volcano)
  2 basilisks
  4 steam dragons
  A swamp worm (Lair:5)
  4 hell hounds (Volcano)
  2 acid dragons
  10 water moccasins
  5 black bears
  4 orc warriors
  A sky beast (D:6)
  2 ice beasts
  13 wolves
  An ogre (D:5)
  A phantom (D:5)
  A kobold brigand (D:6)
  Blork the orc (D:6)
  2 gnoll sergeants (D:9)
  9 bullfrogs
  9 wights (D:8)
  4 scorpions
  An electric eel (Lair:2)
  3 howler monkeys (D:10)
  A crimson imp (D:5)
  3 hounds
  A jelly (D:5)
  3 orc priests
  2 gnoll boudas
  Jessica (D:2)
  15 orc wizards
  A sleepcap (D:5)
  2 iguanas (D:5)
  5 hell rats (Lair:4)
  22 gnolls
  11 adders
  2 white imps
  5 worms
  The ghost of Nedac819 the Sneak, a weakling HODe of Beogh (D:5)
  2 dart slugs
  45 orcs
  10 endoplasms
  3 giant cockroaches
  8 goblins
  9 hobgoblins
  4 jackals (D:3)
  11 kobolds
  2 quokkas
  6 ball pythons
  8 bats
  8 frilled lizards
  4 rats
384 creatures vanquished.

Vanquished Creatures (others)
  A meliai (D:9)
  4 orcs
5 creatures vanquished.

Grand Total: 389 creatures vanquished

Notes
Turn   | Place    | Note
-------+----------+-------------------------------------------
     0 | D:1      | Wiggles the Minotaur Berserker began the quest for the Orb.
     0 | D:1      | Reached XP level 1. HP: 19/19 MP: 0/0
   101 | D:1      | Reached skill level 4 in Axes
   101 | D:1      | Reached XP level 2. HP: 27/27 MP: 1/1
   337 | D:1      | Reached XP level 3. HP: 33/33 MP: 2/2
   383 | D:1      | Found Ataesali's Assorted Antiques.
  1218 | D:2      | Found a faded altar of an unknown god.
  1472 | D:2      | Found a broken altar of Ashenzari.
  1607 | D:2      | Identified the ring "Xiarphis" {rPois Will- rCorr Str+2}
  1650 | D:2      | Noticed Jessica
  1656 | D:2      | Killed Jessica
  1657 | D:2      | Reached XP level 4. HP: 41/41 MP: 3/3
  1780 | D:2      | Reached skill level 5 in Axes
  2591 | D:3      | Found a radiant altar of Vehumet.
  2782 | D:3      | Reached ** piety under Trog
  2815 | D:3      | Found a hide-covered altar of Uskayaw.
  2862 | D:3      | Reached XP level 5. HP: 47/47 MP: 4/4
  3656 | D:4      | Reached skill level 6 in Axes
  3677 | D:4      | Reached XP level 6. HP: 53/55 MP: 5/5
  4603 | D:5      | Entered Level 5 of the Dungeon
  4634 | D:5      | Reached skill level 5 in Fighting
  4771 | D:5      | Found Nofuas's Magic Scroll Shoppe.
  4933 | D:1      | Bought a shiny tower shield for 172 gold pieces
  5051 | D:6      | Found an ancient bone altar of Kikubaaqudgha.
  5054 | D:6      | Noticed a sky beast
  5163 | D:5      | Noticed an ice beast
  5171 | D:5      | Killed an ice beast
  5172 | D:5      | Reached skill level 5 in Armour
  5172 | D:5      | Reached XP level 7. HP: 61/61 MP: 6/6
  5182 | D:5      | Identified the +0 robe of Iclyban {Harm Regen+}
  5199 | D:5      | Found Gotaah's Book Boutique.
  5224 | D:5      | Reached skill level 1 in Shields
  5251 | D:5      | Found Tesuwuasm's Distillery.
  5264 | D:5      | Bought a potion of heal wounds for 65 gold pieces
  5377 | D:5      | Reached skill level 7 in Axes
  5496 | D:5      | Found a runed translucent door.
  5576 | D:5      | Found Myifraca's Book Boutique.
  5834 | D:5      | Found a runed translucent door.
  5836 | D:5      | Noticed Nedac819's ghost (weakling HODe)
  5847 | D:5      | Killed Nedac819's ghost
  5944 | D:6      | Reached XP level 8. HP: 60/69 MP: 7/7
  5952 | D:6      | Reached *** piety under Trog
  6076 | D:6      | Reached skill level 8 in Axes
  6159 | D:6      | Noticed Blork the orc
  6169 | D:6      | Killed Blork the orc
  6785 | D:7      | Reached skill level 9 in Axes
  6958 | D:7      | Found a glowing silver altar of Zin.
  7223 | D:7      | Found a staircase to the Ecumenical Temple.
  7288 | D:7      | Reached **** piety under Trog
  7289 | D:7      | Reached skill level 5 in Shields
  7296 | D:7      | Reached XP level 9. HP: 78/78 MP: 8/8
  7778 | D:8      | Noticed a komodo dragon
  7789 | D:8      | Killed a komodo dragon
  7790 | D:8      | Reached skill level 10 in Axes
  8081 | D:8      | Noticed Joseph
  8096 | D:8      | Killed Joseph
  8097 | D:8      | Reached skill level 11 in Axes
  8326 | D:9      | Reached XP level 10. HP: 64/86 MP: 9/9
  8478 | D:9      | Found Lubusu Luhe's Weapon Shop.
  8483 | D:9      | Reached skill level 12 in Axes
  8518 | D:9      | Found a staircase to the Orcish Mines.
  8532 | D:9      | Found Heotyo's Armour Shop.
  8546 | D:9      | Bought the +0 hat "Upnoz" {-Cast Fly rN+ Dex+3} for 215
                  | gold pieces
  8575 | D:9      | Noticed a two-headed ogre
  8588 | D:9      | Killed a two-headed ogre
  8690 | D:9      | Noticed Maggie
  8701 | D:9      | Killed Maggie
  9037 | D:10     | Entered Level 10 of the Dungeon
  9189 | D:10     | Found a staircase to the Lair.
  9189 | D:10     | Noticed a death yak
  9189 | D:10     | Noticed a death yak
  9194 | D:10     | Noticed a death yak
  9195 | D:10     | Noticed a death yak
  9197 | D:10     | Noticed a death yak
  9197 | D:10     | Noticed a death yak
  9201 | D:10     | Killed a death yak
  9202 | D:10     | Reached skill level 13 in Axes
  9208 | D:10     | Killed a death yak
  9218 | D:10     | Killed a death yak
  9219 | D:10     | Reached XP level 11. HP: 97/97 MP: 10/10
  9222 | D:10     | Killed a death yak
  9231 | D:10     | Killed a death yak
  9239 | D:10     | Killed a death yak
  9244 | D:10     | Reached skill level 14 in Axes
  9373 | D:10     | Noticed Harold
  9392 | D:10     | Killed Harold
  9557 | D:10     | Reached ***** piety under Trog
  9648 | D:10     | Reached skill level 10 in Shields
 10005 | D:11     | Reached skill level 10 in Fighting
 10035 | D:11     | Noticed Psyche
 10042 | D:11     | Killed Psyche
 10188 | D:11     | Reached skill level 10 in Armour
 10686 | Lair:1   | Entered Level 1 of the Lair of Beasts
 10731 | Lair:1   | Reached skill level 15 in Axes
 10811 | Lair:1   | Noticed an oklob plant
 10830 | Lair:1   | Killed an oklob plant
 10831 | Lair:1   | Reached XP level 12. HP: 106/107 MP: 11/11
 10960 | Lair:1   | Reached skill level 5 in Dodging
 11594 | Lair:2   | Noticed a death yak
 11596 | Lair:2   | Noticed a death yak
 11597 | Lair:2   | Noticed a death yak
 11603 | Lair:2   | Killed a death yak
 11605 | Lair:2   | Killed a death yak
 11606 | Lair:2   | Reached skill level 1 in Stealth
 11612 | Lair:2   | Killed a death yak
 11678 | Lair:2   | Found a dark tunnel.
 11691 | Volcano  | Entered a volcano
 11738 | Volcano  | Received a gift from Trog
 11760 | Volcano  | Reached skill level 16 in Axes
 12281 | Lair:2   | Reached XP level 13. HP: 117/117 MP: 12/12
 12401 | Lair:2   | Found a staircase to the Swamp.
 13107 | Lair:3   | Found a hole to the Spider Nest.
 13111 | Lair:3   | Reached skill level 17 in Axes
 13653 | Lair:4   | Found a viscous altar of Jiyva.
 13653 | Lair:4   | Found a staircase to the Slime Pits.
 13666 | Lair:4   | Received a gift from Trog
 13947 | Lair:4   | Identified the +2 hat of Courage {Rampage rElec rPois rF-
                  | SInv}
 14461 | Lair:5   | Entered Level 5 of the Lair of Beasts
 14675 | Lair:5   | Noticed a dire elephant
 14711 | Lair:5   | HP: 1/119 [dire elephant (9)]
 14711 | Lair:5   | Slain by a dire elephant

Illustrated notes

Levels and vault maps discovered:
D:1:      spicycebolla_arrival_risky_transporter, layout_basic, serial_shops,
          shop
D:2:      layout_basic, basic_altar, nicolae_ecumenical_lake_church,
          st_stairs_12, uniq_jessica
D:3:      layout_basic, nicolae_vehumet_radiance, mainiacjoe_overflow_brackets,
          minmay_three_crescents
D:4:      layout_basic, serial_rivers, chequers_serial_rivers_small_b,
          chequers_serial_rivers_micro_c, chequers_serial_rivers_micro_c,
          chequers_serial_rivers_small_3, chequers_serial_rivers_micro_a,
          chequers_serial_rivers_small_a, nrook_uturn
D:5:      layout_loops_ring, ebering_ghost_sewer_f, serial_shops,
          nicolae_shop_tiny_waterfront, nicolae_shop_industrial_runoff,
          nicolae_book_shop_shelving, kennysheep_mini_moat,
          minmay_fire_ice_demons
D:6:      layout_basic, overflow_temple_1_default, uniq_blork_the_orc
D:7:      layout_basic, kennysheep_little_box,
          minmay_temple_entry_statues_pillars, serial_bayou_crossing
D:8:      layout_rooms, uniq_joseph
D:9:      layout_irregular_city, orc_david_3, serial_glass, glass_columns_c,
          glass_columns_a, due_unseen_surprise, feat_on_display,
          feat_on_display, uniq_maggie
D:10:     layout_irregular_city, dpeg_lair_monsters, uniq_harold
D:11:     layout_irregular_city, uniq_psyche
Lair:1:   layout_regular_city, minmay_lair_oklob_bushes, grunt_megastairs_2
Lair:2:   layout_layer_cave, skrybe_swamp_entry_bodies,
          nicolae_volcano_entry_two_sided, infiniplex_staircase_pool,
          grunt_megastairs_4, serial_bayou_shore_b
Lair:3:   layout_cave_pods, nicolae_spider_entry_non_spiders
Lair:4:   layout_regular_city, slime_entry_1
Lair:5:   grunt_lair_end_beastmaster, layout_cellular_growth, worms_lemuel,
          infiniplex_staircase_pool_2

Skill      XL: |  1  2  3  4  5  6  7  8  9 10 11 12 13 |
---------------+----------------------------------------+-----
Axes           | 4 5 6 7 9 11 13 15 16 17 | 17.2
Fighting       | 4 5 6 7 9 10 11 12 | 12.8
Dodging        | 3 4 5 6 |  6.3
Armour         | 3 5 6 7 8 9 10 11 12 | 12.5
Shields        | 2 5 7 9 10 12 13 | 13.3
Stealth        | 1 2 |  2.1

Action                     |  1- 3 |  4- 6 |  7- 9 | 10-12 | 13-15 || total
---------------------------+-------+-------+-------+-------+-------++-------
  Melee: Hand axe          |    88 |   138 |    77 |       |       ||   303
         Headbutt          |     8 |    17 |    40 |   106 |    57 ||   228
         Punch             |     1 |       |       |       |       ||     1
         War axe           |       |       |   169 |   435 |   202 ||   806
 Invoke: Berserk           |     2 |     2 |     2 |     6 |       ||    12
    Use: Scroll            |       |       |    13 |     3 |     4 ||    20
         Potion            |       |       |       |     2 |       ||     2
   Stab: Petrified         |       |       |       |       |    14 ||    14
         Petrifying        |       |       |       |       |     1 ||     1
 Armour: Scale mail        |    41 |    60 |    38 |       |       ||   139
         Plate armour      |       |       |    48 |       |       ||    48
         Chain mail        |       |       |    12 |       |       ||    12
         Storm dragon scal |       |       |    26 |   175 |   125 ||   326
  Dodge: Dodged            |    45 |    70 |    77 |   108 |    55 ||   355
  Block: Tower shield      |       |     2 |   159 |   339 |   178 ||   678
